 Dungeon Crawl Stone Soup version 0.19-b1-4-gd8a0a2a (webtiles) character file.

2869 tv1990 the Blocker (level 10, -4/77 HPs)
             Began as a Formicid Monk on Oct 30, 2016.
             Incinerated by a mottled dragon (6 damage)
             ... with a sticky flame
             ... on level 12 of the Dungeon.
             The game lasted 00:24:05 (6152 turns).

tv1990 the Blocker (Formicid Monk)                  Turns: 6152, Time: 00:24:06

Health: -4/77      AC: 17    Str: 15    XL:     10   Next: 4%
Magic:  10/10      EV:  6    Int: 14    God:
Gold:   281        SH: 14    Dex: 16    Spells: 0 memorised, 9 levels left

rFire  . . .     SeeInvis +     b - +0 hand axe (chop)
rCold  . . .     Gourm    .     n - +2 plate armour
rNeg   + . .     Faith    .     e - +0 shield
rPois  .         Spirit   .     (helmet unavailable)
rElec  .         Reflect  +     f - +0 cloak
rCorr  .         Harm     .     j - +0 pair of gloves
MR     +....     Clarity  +     (no boots)
Stlth  ..........               p - amulet of the Illusory Blessings {Reflect rN+ Int+3 SH+3}
                                (no ring)
                                m - ring of flight

@: liquid flames, glowing
A: permanent stasis, dig shafts and tunnels, four strong arms, antennae 3,
clarity
a: Dig, Shaft Self, Evoke Flight


You were on level 12 of the Dungeon.
You were very hungry.

You visited 1 branch of the dungeon, and saw 11 of its levels.

You collected 281 gold pieces.

Inventory:

Hand Weapons
 a - a +1 hand axe
 b - a +0 hand axe of chopping (weapon)
Armour
 e - a +0 shield (worn)
 f - a +0 cloak (worn)
 j - a +0 pair of gloves (worn)
 n - a +2 plate armour (worn)
Jewellery
 m - a ring of flight (left hand)
 p - the amulet of the Illusory Blessings (around neck) {Reflect rN+ Int+3 SH+3}
   (You found it on level 5 of the Dungeon)

   [amulet of reflection]

   It shields you and reflects attacks.
   It affects your intelligence (+3).
   It protects you from negative energy.
   It affects your SH (+3).
Wands
 o - a wand of random effects (25/48)
Scrolls
 d - 5 scrolls of identify
 k - 2 scrolls of recharging
 l - a scroll of fog
Potions
 h - 2 potions of cure mutation
 i - a potion of flight
Comestibles
 c - 4 bread rations
 g - a beef jerky
 s - 2 meat rations


   Skills:
 - Level 6.7 Fighting
 - Level 8.1 Axes
 - Level 5.8 Armour
 - Level 2.6 Dodging
 - Level 2.4 Stealth
 * Level 9.1 Shields


You had 9 spell levels left.
You didn't know any spells.

Dungeon Overview and Level Annotations

Branches:
Dungeon (13/15)
 Temple: D:4-7         Lair: D:8-11         Orc: D:9-12      Vaults: D:13-14

Altars:
Nemelex Xobeh
Trog
The Shining One

Annotations:
D:8 Gastronok
D:10 Sonja


Innate Abilities, Weirdness & Mutations

You are under a permanent stasis effect.
You can dig through walls and to a lower floor.
Your four strong arms can wield two-handed weapons with a shield.
You have a pair of large antennae on your head. (SInv)
You possess an exceptional clarity of mind.


Message History

The mottled dragon claws you but does no damage.
You slash the mottled dragon!
The mottled dragon is almost dead.
You are covered in liquid flames!
* * * LOW HITPOINT WARNING * * *
The mottled dragon breathes sticky fire at you.
The sticky flame hits you!
You are covered in liquid flames!
* * * LOW HITPOINT WARNING * * *
You closely miss the mottled dragon.
The mottled dragon is almost dead.
You are covered in liquid flames!
* * * LOW HITPOINT WARNING * * *
The mottled dragon completely misses you.
You block the mottled dragon's attack.
You hit the mottled dragon.
You kill the mottled dragon!
Your Shields skill increases to level 9!
You are covered in liquid flames!
You die...

{ { ### #@##
#########)#
##......#{##
##........##
#..........#
#......>...#
#.....D....#
#.....z....#
#..........#


There were no monsters in sight!

Vanquished Creatures
  Prince Ribbit (D:8)
  A wraith (D:10)
  A hungry ghost (D:8)
  A mottled dragon (D:12)
  A water moccasin (D:8)
  3 sky beasts
  2 ice beasts
  A black bear (D:10)
  4 ogres
  A centaur (D:8)
  Blork the orc (D:5)
  A bullfrog (D:3)
  A gnoll sergeant (D:5)
  2 scorpions
  7 wights
  3 howler monkeys
  A crimson imp (D:5)
  A bullfrog zombie (D:9)
  2 hounds (D:7)
  An orc wizard (D:8)
  An iguana (D:10)
  A worker ant (D:5)
  2 howler monkey skeletons
  8 gnolls (D:5)
  7 adders
  3 shadow imps
  An adder skeleton (D:5)
  5 worms
  2 dart slugs
  3 leopard geckos
  22 orcs
  4 giant cockroaches (D:1)
  6 hobgoblins
  6 jackals
  A quokka (D:8)
  A ball python (D:3)
  9 bats
  3 frilled lizards (D:1)
  A giant cockroach zombie (D:5)
  5 goblins
  9 kobolds
  A quokka zombie (D:5)
  5 rats
142 creatures vanquished.

Notes
Turn   | Place    | Note
-------+----------+-------------------------------------------
     0 | D:1      | tv1990 the Formicid Monk began the quest for the Orb.
     0 | D:1      | Reached XP level 1. HP: 18/18 MP: 1/1
   203 | D:1      | Reached XP level 2. HP: 16/24 MP: 2/2
   562 | D:1      | Reached XP level 3. HP: 24/30 MP: 3/3
   708 | D:2      | Reached skill level 1 in Armour
  1002 | D:2      | Reached XP level 4. HP: 17/37 MP: 4/4
  1774 | D:3      | Noticed a bullfrog
  1787 | D:3      | Killed a bullfrog
  1787 | D:3      | Reached XP level 5. HP: 37/43 MP: 5/5
  1931 | D:3      | Found a glowing golden altar of the Shining One.
  2157 | D:3      | Found a sparkling altar of Nemelex Xobeh.
  2340 | D:4      | Noticed an ogre
  2343 | D:4      | You fall through a shaft!
  2343 | D:5      | Entered Level 5 of the Dungeon
  2349 | D:5      | Noticed an ogre
  2366 | D:5      | Reached skill level 5 in Axes
  2366 | D:5      | Reached XP level 6. HP: 36/49 MP: 6/6
  2602 | D:5      | Found a bloodstained altar of Trog.
  2651 | D:5      | Noticed Blork the orc
  2673 | D:5      | Killed Blork the orc
  2783 | D:5      | Noticed an ogre
  2800 | D:5      | Killed an ogre
  2800 | D:5      | Reached skill level 5 in Fighting
  2800 | D:5      | Reached XP level 7. HP: 11/56 MP: 7/7
  3399 | D:5      | Got a steaming lead amulet
  3539 | D:5      | Identified the amulet of the Illusory Blessings {Reflect rN+ Int+3 SH+3} (You found it on level 5 of the Dungeon)
  3676 | D:5      | Reached XP level 8. HP: 55/63 MP: 8/8
  3697 | D:5      | You fall through a shaft for 2 floors!
  4269 | D:7      | Reached skill level 5 in Armour
  4347 | D:7      | Gained mutation: You possess an exceptional clarity of mind. [mutagenic meat]
  4593 | D:7      | You are sucked into a shaft for 2 floors!
  4619 | D:8      | Reached XP level 9. HP: 27/71 MP: 9/9
  4810 | D:8      | Noticed Prince Ribbit
  4851 | D:8      | You fall through a shaft for 2 floors!
  4851 | D:10     | Entered Level 10 of the Dungeon
  5243 | D:10     | Reached skill level 1 in Shields
  5249 | D:10     | Noticed Sonja
  5335 | D:10     | Reached skill level 3 in Shields
  5749 | D:10     | Reached skill level 4 in Shields
  5769 | D:9      | Reached skill level 5 in Shields
  5856 | D:8      | Killed Prince Ribbit
  5856 | D:8      | Reached skill level 6 in Shields
  5906 | D:8      | Reached skill level 7 in Shields
  5989 | D:8      | Reached skill level 8 in Shields
  6061 | D:8      | Noticed Gastronok
  6085 | D:8      | You fall through a shaft for 2 floors!
  6085 | D:10     | Noticed a troll
  6088 | D:10     | You fall through a shaft for 3 floors!
  6098 | D:13     | Noticed a hill giant
  6143 | D:12     | Reached XP level 10. HP: 25/77 MP: 10/10
  6151 | D:12     | HP: 2/77 [burnt (5)]
  6152 | D:12     | Reached skill level 9 in Shields
  6152 | D:12     | Incinerated by a mottled dragon

Skill      XL: |  1  2  3  4  5  6  7  8  9 10 |
---------------+-------------------------------+-----
Armour         | 1 2 3 4 5 |  5.8
Axes           | 4 5 6 7 8 |  8.1
Fighting       | 4 5 6 |  6.7
Shields        | 8 9 |  9.1
Dodging        | |  2.6
Stealth        | |  2.4

Action                   |  1- 3 |  4- 6 |  7- 9 | 10-12 || total
-------------------------+-------+-------+-------+-------++-------
Melee: Hand axe          |   103 |   203 |   627 |     9 ||   942
Throw: Tomahawk          |       |     3 |     7 |       ||    10
 Abil: Dig               |       |     1 |    18 |       ||    19
       Shaft Self        |       |     1 |     5 |       ||     6
       Evoke Flight      |       |       |     1 |       ||     1
  Use: Scroll            |       |     9 |     7 |       ||    16
       Potion            |       |     1 |     5 |       ||     6
 Stab: Sleeping          |     4 |       |       |       ||     4
       Distracted        |       |       |     2 |       ||     2
  Eat: Chunk             |       |     7 |    19 |       ||    26
       Pizza             |       |       |     1 |       ||     1
Armor: Robe              |     9 |       |       |       ||     9
       Chain mail        |    41 |    24 |       |       ||    65
       Plate armour      |       |    78 |   271 |     4 ||   353
Dodge: Dodged            |    59 |    58 |   100 |     2 ||   219
Block: Other             |       |       |    25 |       ||    25
       Shield            |       |       |   127 |     5 ||   132
       Reflection        |       |       |     5 |       ||     5

Table legend:
 A = Turns spent in this place as a percentage of turns spent in the entire game.
 B = Non-inter-level travel turns spent in this place as a percentage of non-inter-level travel turns spent in the entire game.
 C = Inter-level travel turns spent in this place as a percentage of turns spent in this place.
 D = Turns resting spent in this place as a percentage of non-inter-level travel turns spent in this place.
 E = Turns spent auto-exploring this place as a percentage of non-inter-level travel turns spent in this place.
 F = Non-inter-level travel turns spent in this place divided by the number of levels of this place that you've seen.
                   A       B       C       D       E      F
               +-------+-------+-------+-------+-------+----------------------
         Total | 100.0 | 100.0 |   0.1 |   4.2 |  10.1 | 190.2
       Dungeon | 100.0 | 100.0 |   0.1 |   4.2 |  10.1 | 190.2
               +-------+-------+-------+-------+-------+----------------------

Table legend:
 A = Kills in this place as a percentage of kills in entire the game.
 B = Kills by you in this place as a percentage of kills by you in the entire game.
 C = Kills by friends in this place as a percentage of kills by friends in the entire game.
 D = Other kills in this place as a percentage of other kills in the entire game.
 E = Experience gained in this place as a percentage of experience gained in the entire game.
 F = Experience gained in this place divided by the number of levels of this place that you have seen.
                   A       B       C       D       E      F
               +-------+-------+-------+-------+-------+----------------------
         Total | 100.0 | 100.0 |  -nan |  -nan | 100.0 | 372.6
       Dungeon | 100.0 | 100.0 |  -nan |  -nan | 100.0 | 372.6
               +-------+-------+-------+-------+-------+----------------------

Vault maps used:
D:1:      shiori_angband_town, minmay_misc_feat_more_columns,
          minmay_crystal_room
D:2:      first_bread
D:3:      tso_oasis_becter, nemelex_spade_bored_becter
D:4:      nemelex_lonely_heart_becter
D:5:      serial_shops, shop, trog_book, uniq_blork_the_orc
D:8:      enter_bailey_2, uniq_gastronok, uniq_prince_ribbit1
D:10:     dpeg_oklobed_lair, uniq_sonja
D:12:     hangedman_little_slice_of_home
D:13:     grunt_vaults_entry_tiered, lab_entry_generic
